 Dungeon Crawl Stone Soup version 0.21-a0-150-gc243083 (webtiles) character file.

5100 tilp the Arsonist (level 10, -1/80 HPs)
             Began as a Hill Orc Fire Elementalist on July 28, 2017.
             Was a Priest of Okawaru.
             Slain by a thrashing horror (11 damage)
             ... on level 1 of the Abyss on July 29, 2017.
             The game lasted 00:42:21 (12266 turns).

tilp the Arsonist (Hill Orc Fire Elementalist)     Turns: 12266, Time: 00:42:21

Health: -1/80      AC: 10    Str: 12    XL:     10   Next: 57%
Magic:  7/13       EV: 12    Int: 18    God:    Okawaru [***...]
Gold:   423        SH:  0    Dex: 11    Spells: 3/13 levels left

rFire    + . .     SeeInvis .   s - +1 dagger (elec)
rCold    . . .     Gourm    +   (no shield)
rNeg     . . .     Faith    .   G - +2 robe {rF+}
rPois    .         Spirit   .   M - +2 helmet
rElec    .         Reflect  .   (no cloak)
rCorr    .         Harm     .   f - +2 pair of gloves
MR       .....                  (no boots)
Stlth    ++........             C - amulet of the gourmand
HPRegen  0.23/turn              (no ring)
MPRegen  0.13/turn              (no ring)

@: no status effects
A: no striking features
a: Heroism, Renounce Religion


You were on level 1 of the Abyss.
You worshipped Okawaru.
Okawaru was most pleased with you.
You were not hungry.

You visited 2 branches of the dungeon, and saw 9 of its levels.
You visited the Abyss 1 time.

You collected 423 gold pieces.

Inventory:

Hand Weapons
 a - a +3 battleaxe
 h - a +1 dagger of protection
 r - a +4 dagger
 s - a +1 dagger of electrocution (weapon)
 F - a +0 dagger of venom
 O - a cursed +3 hand axe
 S - a +0 vampiric hand axe
Missiles
 B - 8 tomahawks
 H - 2 silver javelins
 K - 5 javelins (quivered)
Armour
 f - a +2 pair of gloves (worn)
 G - a +2 robe of fire resistance (worn)
 M - a +2 helmet (worn)
Jewellery
 C - an amulet of the gourmand (around neck)
Wands
 A - a wand of digging (8/24)
 N - a wand of flame (23/48)
 Q - a wand of digging (6/24)
Scrolls
 g - 3 scrolls of remove curse
 j - 2 scrolls of immolation
 p - a scroll of fear {unknown}
 w - a scroll of magic mapping {unknown}
 y - a scroll of enchant weapon {unknown}
 z - 2 scrolls of recharging
 L - a scroll of amnesia {unknown}
Potions
 d - a potion of invisibility {unknown}
 e - 3 potions of mutation {unknown}
 m - a potion of brilliance {unknown}
 q - 5 potions of curing
 t - a potion of lignification {unknown}
 u - a potion of might {unknown}
 v - 2 potions of degeneration {unknown}
 I - a potion of flight {unknown}
 J - 3 potions of agility {unknown}
 P - 2 potions of berserk rage {unknown}
Books
 b - a book of Flames

   Spells                             Type                      Level
   a - Flame Tongue                   Conjuration/Fire             1
   b - Throw Flame                    Conjuration/Fire             2
   c - Conjure Flame                  Conjuration/Fire             3
   d - Inner Flame                    Hexes/Fire                   3
   e - Sticky Flame                   Conjuration/Fire             4
   f - Fireball                       Conjuration/Fire             5
 D - a book of Misfortune

   Spells                             Type                      Level
   a - Confusing Touch                Hexes                        1
   b - Confuse                        Hexes                        3
   c - Gell's Gravitas                Translocation                3
   d - Petrify                        Transmutation/Earth          4
   e - Metabolic Englaciation         Hexes/Ice                    5
   f - Yara's Violent Unravelling     Hexes/Transmutation          5
Comestibles
 c - 5 bread rations
 i - 2 fruits
 x - 3 meat rations
 E - 14 royal jellies


   Skills:
 + Level 4.8 Fighting
 - Level 4.2 Short Blades
 + Level 2.6 Dodging
 - Level 1.5 Stealth
 - Level 2.0 Spellcasting
 * Level 9.7 Conjurations
 * Level 10.8 Fire Magic
 + Level 2.5 Invocations


You had 3 spell levels left.
You knew the following spells:

 Your Spells              Type           Power        Failure   Level  Hunger
a - Flame Tongue          Conj/Fire      #####        1%          1    #......
b - Throw Flame           Conj/Fire      #####.       1%          2    ###....
c - Conjure Flame         Conj/Fire      #####...     1%          3    ###....
d - Sticky Flame          Conj/Fire      #####...     2%          4    #####..


Dungeon Overview and Level Annotations

Branches:
Dungeon (8/15)             Temple (1/1) D:6
   Lair: D:8-11

Altars:
Ashenzari
Cheibriados
Dithmenos
Elyvilon
Fedhas
Gozag
Hepliaklqana
Kikubaaqudgha
Makhleb
Nemelex Xobeh
Okawaru
Qazlal
Ru
Sif Muna
Trog
Uskayaw
Vehumet
Wu Jian
Xom
Yredelemnul
Zin
The Shining One
Jiyva

Annotations:
D:6 Lunath's ghost, novice TrTm
D:8 Grum


Message History

Moving in this stuff is going to be slow.
The rakshasa blinks!
The thrashing horror burns!
You enter the shallow water.
Moving in this stuff is going to be slow.
The flames covering the thrashing horror go out.
The thrashing horror stops burning.
The thrashing horror tramples you!
* * * LOW HITPOINT WARNING * * *
You stumble backwards!
Splash!
The thrashing horror tramples you!
* * * LOW HITPOINT WARNING * * *
You stumble backwards!
Found a gateway leading deeper into the Abyss.
You feel better.
The thrashing horror roars!
The thrashing horror barely misses you.
The thrashing horror tramples you but does no damage.
The thrashing horror tramples you!
You die...

#. # . .#. ##.#
#.. .. #.§§# ##.#.
#. #..x
#..≈.##.####.. #.
.≈.≈..#.#..##..>
≈≈≈≈...#≈≈@#. .#
≈≈≈≈≈.#...X..#.#
≈#≈≈≈≈≈..≈≈.##≈.
#..≈≈≈≈≈#≈≈≈≈.≈≈
###≈≈≈≈≈≈≈≈≈≈.##
♣≈≈....≈≈≈≈≈..
#.≈#.#≈X♣≈≈≈.≈..≈
#. #..#.#..#≈≈≈≈≈≈
#...#.#....#R≈≈≈≈≈


You could see an ancient zyme (wandering), a thrashing horror and a large
abomination.

Vanquished Creatures
  A two-headed ogre (D:8)
  A raiju (Abyss:1)
  A hungry ghost (D:8)
  Duvessa (D:5)
  An ice beast (D:5)
  A black bear (D:7)
  A sky beast (D:5)
  2 orc warriors
  4 wolves (D:8)
  6 ogres
  4 centaurs
  A crocodile (D:3)
  8 bullfrogs
  Dowan (D:5)
  A water moccasin zombie (D:8)
  3 scorpions (D:6)
  9 killer bees
  4 wights (D:8)
  A howler monkey (D:6)
  A bullfrog zombie (D:6)
  2 orc priests
  A hound (D:4)
  5 jellies
  An iguana (D:5)
  12 orc wizards
  4 worker ants
  A killer bee zombie (D:8)
  2 hound skeletons
  4 gnolls (D:6)
  6 adders
  2 shadow imps
  8 oozes
  7 worms
  6 leopard geckos
  34 orcs
  7 giant cockroaches
  8 goblins
  6 hobgoblins
  4 jackals (D:3)
  2 kobolds (D:3)
  3 quokkas
  2 ball pythons (D:3)
  A ball python skeleton (D:6)
  8 bats
  6 frilled lizards
  A leopard gecko zombie (D:8)
  2 quokka skeletons
  A quokka zombie (D:8)
  9 rats
207 creatures vanquished.

Vanquished Creatures (others)
  12 starspawn tentacles (Abyss:1)
12 creatures vanquished.

Grand Total: 219 creatures vanquished

Notes
Turn   | Place    | Note
-------+----------+-------------------------------------------
     0 | D:1      | tilp the Hill Orc Fire Elementalist began the quest for the Orb.
     0 | D:1      | Reached XP level 1. HP: 14/14 MP: 3/3
   212 | D:1      | Reached XP level 2. HP: 20/20 MP: 5/5
   216 | D:1      | Learned a level 2 spell: Throw Flame
   980 | D:2      | Reached XP level 3. HP: 26/26 MP: 2/6
   985 | D:2      | Learned a level 3 spell: Conjure Flame
  1724 | D:3      | Reached XP level 4. HP: 24/33 MP: 1/7
  1802 | D:3      | Noticed a crocodile
  1993 | D:3      | Found a bloodstained altar of Trog.
  2173 | D:3      | Noticed an ogre
  2201 | D:3      | Killed an ogre
  2201 | D:3      | Reached skill level 4 in Fire Magic
  2201 | D:3      | Reached XP level 5. HP: 31/38 MP: 0/8
  2295 | D:3      | Killed a crocodile
  2295 | D:3      | Reached XP level 6. HP: 29/45 MP: 2/9
  2387 | D:3      | Reached skill level 5 in Fire Magic
  3173 | D:4      | Reached skill level 5 in Conjurations
  3736 | D:4      | Reached XP level 7. HP: 45/50 MP: 8/10
  3772 | D:4      | Reached skill level 1 in Short Blades
  4076 | D:4      | Learned a level 4 spell: Sticky Flame
  4138 | D:5      | Entered Level 5 of the Dungeon
  4155 | D:5      | Reached skill level 6 in Fire Magic
  5299 | D:5      | Noticed Duvessa
  5300 | D:5      | Noticed Dowan
  5338 | D:5      | Killed Duvessa
  5338 | D:5      | Reached XP level 8. HP: 46/57 MP: 0/11
  5518 | D:5      | Killed Dowan
  5518 | D:5      | Reached skill level 7 in Fire Magic
  5691 | D:6      | Found a sparkling altar of Nemelex Xobeh.
  5720 | D:6      | Noticed Lunath's ghost (novice TrTm)
  5805 | D:6      | Found a staircase to the Ecumenical Temple.
  5814 | Temple   | Entered the Ecumenical Temple
  5862 | Temple   | Became a worshipper of Warmaster Okawaru
  7213 | D:5      | Reached * piety under Okawaru
  7213 | D:5      | Reached skill level 8 in Fire Magic
  7540 | D:7      | Reached XP level 9. HP: 40/62 MP: 10/12
  8358 | D:6      | Reached skill level 1 in Fighting
  8739 | D:7      | Reached skill level 9 in Fire Magic
  9076 | D:8      | Reached ** piety under Okawaru
  9268 | D:8      | Noticed Grum
  9995 | D:8      | Reached skill level 10 in Fire Magic
 10184 | D:8      | Reached XP level 10. HP: 68/77 MP: 13/13
 10403 | D:8      | Reached skill level 1 in Invocations
 10723 | D:8      | Noticed a two-headed ogre
 11257 | D:8      | Killed a two-headed ogre
 11257 | D:8      | Reached *** piety under Okawaru
 11696 | D:8      | Found a viscous altar of Jiyva.
 11828 | D:8      | Cast into level 1 of the Abyss (Grum)
 11874 | Abyss:1  | Noticed a starcursed mass
 11947 | Abyss:1  | Noticed a tentacled starspawn
 12083 | Abyss:1  | Noticed a rust devil
 12084 | Abyss:1  | Noticed a tentacled starspawn
 12235 | Abyss:1  | Noticed a rakshasa
 12235 | Abyss:1  | Noticed a rakshasa
 12236 | Abyss:1  | Noticed a thrashing horror
 12251 | Abyss:1  | HP: 4/80 [thrashing horror (1)]
 12264 | Abyss:1  | HP: 1/80 [thrashing horror (10)]
 12266 | Abyss:1  | Slain by a thrashing horror

Vault maps used:
D:1:      dpeg_arrival_signposts
D:3:      first_bread, bloody_trog
D:5:      uniq_duvessa
D:6:      lemuel_doored_altar, minmay_temple_entry_poolview,
          kennysheep_windowed_goal
D:8:      hangedman_little_slice_of_home, kennysheep_generic_room_14, uniq_grum
Temple:   grunt_wide_crystal_templ

Skill      XL: |  1  2  3  4  5  6  7  8  9 10 |
---------------+-------------------------------+-----
Spellcasting   | 2 |  2.0
Conjurations   | 2 3 4 5 6 7 9 |  9.7
Fire Magic     | 4 5 6 8 10 | 10.8
Short Blades   | 2 3 4 |  4.2
Fighting       | 3 4 |  4.8
Invocations    | 2 |  2.5
Dodging        | 2 |  2.6
Stealth        | |  1.5

Action                   |  1- 3 |  4- 6 |  7- 9 | 10-12 || total
-------------------------+-------+-------+-------+-------++-------
Melee: Dagger            |   101 |   130 |   184 |    70 ||   485
       Club              |     6 |       |       |       ||     6
Throw: Stone             |       |     5 |       |       ||     5
       Javelin           |       |       |     7 |       ||     7
       Tomahawk          |       |       |     6 |       ||     6
 Cast: Flame Tongue      |    24 |    46 |    98 |    28 ||   196
       Conjure Flame     |       |     3 |     9 |     3 ||    15
       Throw Flame       |       |       |    20 |    13 ||    33
       Sticky Flame      |       |       |    19 |    12 ||    31
Invok: Heroism           |       |       |     2 |     2 ||     4
Evoke: Wand              |       |       |       |     1 ||     1
  Use: Potion            |       |       |     1 |     5 ||     6
       Scroll            |       |       |     6 |     7 ||    13
 Stab: Sleeping          |     4 |     2 |       |     1 ||     7
       Distracted        |       |       |     1 |     1 ||     2
  Eat: Chunk             |     3 |    21 |    31 |    14 ||    69
Armor: Robe              |    18 |       |     1 |    38 ||    57
       Leather armour    |    11 |    29 |    47 |       ||    87
Dodge: Dodged            |    76 |    62 |   107 |    84 ||   329
